 Dungeon Crawl Stone Soup version 0.30-a0-341-g682706514a (webtiles) character file.

Game seed: 9386603387796755709

63 PimpSugar the Magician (level 3, -3/25 HPs)
             Began as a Demonspawn Hedge Wizard on Nov 3, 2022.
             Slain by a gnoll
             ... wielding a +0 whip
              (7 damage)
             ... on level 2 of the Dungeon.
             The game lasted 00:06:18 (2030 turns).

PimpSugar the Magician (Demonspawn Hedge Wizard)    Turns: 2030, Time: 00:06:18

Health: -3/25      AC:  3    Str: 10    XL:     3   Next: 87%
Magic:  4/7        EV: 11    Int: 17    God:
Gold:   73         SH:  4    Dex: 12    Spells: 5/8 levels left

rFire   + . .      SeeInvis .    p - +1 spear (flame)
rCold   x . .      Faith    .    (no shield)
rNeg    . . .      Spirit   .    f - +0 leather armour
rPois   .          Reflect  .    c - +0 hat
rElec   .          Harm     .    (no cloak)
rCorr   .          Rampage  .    (no gloves)
Will    .....                    (no boots)
Stlth   ++........               (no amulet)
HPRegen 0.24/turn                h - ring of fire
MPRegen 0.10/turn                (no ring)

@: no status effects
A: large bone plates 1, ignite blood 1
a: no special abilities


You were on level 2 of the Dungeon.
You visited 1 branch of the dungeon, and saw 2 of its levels.

You collected 73 gold pieces.

Inventory:

Hand Weapons
 a - a +0 dagger
 o - a +0 sling
 p - a +1 spear of flaming (weapon)
Missiles
 i - 5 stones
 n - 5 boomerangs (quivered)
Armour
 b - a +0 robe
 c - a +0 hat (worn)
 f - a +0 leather armour (worn)
Jewellery
 h - a ring of fire (left hand)
Scrolls
 e - a scroll of butterflies
 g - a scroll of teleportation {unknown}
 m - a scroll of enchant weapon {unknown}
Potions
 d - a potion of magic
 j - a potion of curing {unknown}
 k - 2 potions of resistance
 l - a potion of ambrosia {unknown}


   Skills:
 + Level 0.9 Fighting
 + Level 2.1 Dodging
 + Level 2.2 Stealth
 * Level 3.3 Spellcasting
 * Level 1.8 Conjurations
 + Level 1.5 Summonings
 + Level 1.2 Translocations
 + Level 0.0 Fire Magic


You had 5 spell levels left.
You knew the following spells:

 Your Spells              Type           Power      Damage    Failure   Level
a - Magic Dart            Conj           36%        1d4       11%         1
b - Call Imp              Summ           8%         N/A       19%         2

Your spell library contained the following spells:

 Spells                   Type           Power      Damage    Failure   Level
 Slow                     Hex            8%         N/A       22%         1
 Blink                    Tloc           14%        N/A       22%         2
 Cigotuvi's Dreadful Rot  Necr/Pois/Air  4%         N/A       34%         2
 Mephitic Cloud           Conj/Pois/Air  4%         N/A       47%         3
 Confusing Touch          Hex            2%         N/A       56%         3
 Vampiric Draining        Necr           2%         2d6       56%         3


Dungeon Overview and Level Annotations

Branches:
Dungeon (2/15)

Altars:


Innate Abilities, Weirdness & Mutations

You are partially covered in large bone plates. (SH +4)
Your demonic aura sometimes causes spilled blood to erupt in flames.


Message History

Reach: p) +1 spear (flame)
Press: ? - help, Dir - move target, f/p - gnoll
Aim: a gnoll, wielding a +0 flail (grey smoke, ally target, about 36% to evade your +1 spear of flaming)
You reach to attack!
You hit the gnoll but do no damage.
Unknown command.
Reach: p) +1 spear (flame)
Press: ? - help, Dir - move target, f - gnoll, p - gnoll
Aim: a gnoll, wielding a +0 club (about 36% to evade your +1 spear of flaming)
You reach to attack!
You hit the gnoll. You burn the gnoll.
The gnoll is heavily wounded.
Reach: p) +1 spear (flame)
Press: ? - help, Dir - move target, f/p - gnoll
Aim: a gnoll, wielding a +0 club (heavily wounded, about 36% to evade your +1 spear of flaming)
You reach to attack!
You closely miss the gnoll.
The gnoll is heavily wounded.
Your crimson imp hits the gnoll but does no damage.
You closely miss the gnoll.
The gnoll is heavily wounded.
You block the gnoll's attack.
Your crimson imp blinks!
You barely miss the gnoll.
The gnoll is heavily wounded.
Your crimson imp hits the gnoll but does no damage.
The gnoll misses you.
The gnoll barely misses your crimson imp.
You hit the gnoll. You burn the gnoll.
The gnoll is lightly wounded.
Your crimson imp blinks!
The gnoll hits you with a +0 club.
You hit the gnoll. You burn the gnoll.
The gnoll is severely wounded.
Your crimson imp blinks!
The gnoll hits you with a +0 whip. The gnoll hits you but does no damage.
You hit the gnoll. You burn the gnoll.
The gnoll is almost dead.
The gnoll hits you but does no damage. The gnoll hits you with a +0 club.
The gnoll hits you with a +0 flail!
* * * LOW HITPOINT WARNING * * *
The gnoll hits you with a +0 whip!
You die...

.# #.#
#############.#
#>..........#.#####
##.#@...............
#..g○g.#.###...####
#.##g###.#.......# #
#5# #.#.##..#.#
..#.........#.##
#....###........###
#§.. #######.....
#... ## #.#.## .....
....#...


You could see 3 gnolls and a friendly crimson imp (summoned).

Vanquished Creatures
  A gnoll (D:2)
  An adder (D:2)
  3 ball pythons
  A bat (D:1)
  4 endoplasms
  A giant cockroach (D:1)
  2 goblins (D:1)
  4 hobgoblins
  10 jackals
  2 quokkas
  6 rats (D:1)
35 creatures vanquished.

Vanquished Creatures (collateral kills)
  A hobgoblin (D:2)
  A rat (D:2)
2 creatures vanquished.

Grand Total: 37 creatures vanquished

Notes
Turn   | Place    | Note
-------+----------+-------------------------------------------
     0 | D:1      | PimpSugar the Demonspawn Hedge Wizard began the quest for
                  | the Orb.
     0 | D:1      | Reached XP level 1. HP: 13/13 MP: 4/4
   339 | D:1      | Reached skill level 1 in Translocations
   386 | D:1      | Gained mutation: Your demonic aura sometimes causes spilled
                  | blood to erupt in flames. [demonic ancestry]
   386 | D:1      | Reached XP level 2. HP: 10/19 MP: 0/6
  1400 | D:2      | Learned a level 2 spell: Call Imp
  1456 | D:2      | Gained mutation: You are partially covered in large bone
                  | plates. (SH +4) [demonic ancestry]
  1456 | D:2      | Reached XP level 3. HP: 6/25 MP: 0/7
  2030 | D:2      | Slain by a gnoll

Illustrated notes

Levels and vault maps discovered:
D:1:      psy_arrival_whirlpool, layout_loops_corners
D:2:      layout_basic, chequers_serial_rivers_small_3,
          kennysheep_generic_room_14

Skill      XL: |  1  2 |
---------------+-------+-----
Translocations | 1 |  1.2
Stealth        | 2 |  2.2
Dodging        | 2 |  2.1
Fighting       | |  0.9
Spellcasting   | |  3.3
Conjurations   | |  1.8
Summonings     | |  1.5

Action                   || total
-------------------------++-------
Melee: Dagger            ||    27
       Punch             ||     1
       Spear             ||    11
 Fire: Sling             ||    41
Throw: Stone             ||     6
       Boomerang         ||     1
 Cast: Magic Dart        ||    65
       Call Imp          ||     6
  Use: Scroll            ||     4
Armor: Leather armour    ||    27
Dodge: Dodged            ||    52
Block: Other             ||    11

Table legend: (Time is in decaauts)
 A = Elapsed time spent in this place.
 B = Non-inter-level travel time spent in this place.
 C = Inter-level travel time spent in this place.
 D = Time resting spent in this place.
 E = Time spent auto-exploring this place.
 F = Levels seen in this place.
 G = Mean time per level.
                   A        B        C        D        E       F      G
               +--------+--------+--------+--------+--------+-----+--------+
         Total |   2049 |   2015 |     34 |    245 |   1424 |   2 | 1024.5 |
       Dungeon |   2049 |   2015 |     34 |    245 |   1424 |   2 | 1024.5 |
               +--------+--------+--------+--------+--------+-----+--------+

Top non-repeatable levels by time:
     D:1: 1398 daAuts
     D:2: 651 daAuts
